 Dungeon Crawl Stone Soup version 0.24.1-14-gf8d2b509d9 (webtiles) character file.

Game seed: 15916938690540436196, levelgen mode: deterministic

196 DifficultPete the Covered (level 5, -14/34 HPs)
             Began as a Gargoyle Fighter on Mar 5, 2024.
             Demolished by a large abomination (26 damage)
             ... on level 2 of the Abyss.
             The game lasted 00:04:31 (1705 turns).

DifficultPete the Covered (Gargoyle Fighter)        Turns: 1705, Time: 00:04:32

Health: -14/34     AC: 12    Str: 20    XL:     5   Next: 75%
Magic:  5/5        EV: 11    Int: 12    God:
Gold:   199        SH:  9    Dex:  9    Spells: 4/4 levels left

rFire    x . .     SeeInvis .   a - +0 flail
rCold    + . .     Gourm    .   c - +0 shield
rNeg     + . .     Faith    .   b - +0 scale mail
rPois    ∞         Spirit   .   q - +0 helmet {Int+3}
rElec    +         Reflect  .   (no cloak)
rCorr    .         Harm     .   (no gloves)
MR       .....                  (no boots)
Stlth    ..........             (no amulet)
HPRegen  0.11/turn              s - +4 ring of evasion
MPRegen  0.09/turn              t - ring of ice

@: no status effects
A: negative energy resistance 1, electricity resistance, unbreathing,
petrification resistance, rot immunity, AC +4
a: no special abilities


You were on level 2 of the Abyss.
You were not hungry.

You visited 1 branch of the dungeon, and saw 3 of its levels.
You visited the Abyss 1 time.

You collected 199 gold pieces.

Inventory:

Hand Weapons
 a - a +0 flail (weapon)
Armour
 b - a +0 scale mail (worn)
 c - a +0 shield (worn)
 q - a +0 helmet of intelligence (worn)
Jewellery
 s - a +4 ring of evasion (left hand)
 t - a ring of ice (right hand)
Scrolls
 e - a scroll of random uselessness {unknown}
 h - a scroll of teleportation {unknown}
 j - a scroll of identify {unknown}
 k - 2 scrolls of remove curse {unknown}
 n - a scroll of fear {unknown}
 o - a scroll of enchant weapon {unknown}
 p - a scroll of amnesia {unknown}
 r - a scroll of blinking {unknown}
Potions
 d - a potion of might
 g - a potion of brilliance {unknown}
 i - a potion of resistance {unknown}
 l - a potion of heal wounds {unknown}
 m - a potion of mutation {unknown}
 u - a potion of curing
 v - a potion of berserk rage {unknown}
Comestibles
 f - 4 rations


   Skills:
 + Level 4.4 Fighting
 + Level 3.3 Maces & Flails
 + Level 4.4 Armour
 + Level 4.3 Shields


You had 4 spell levels left.
You didn't know any spells.
Your spell library was empty.

Dungeon Overview and Level Annotations

Branches:
Dungeon (3/15)

Altars:
Makhleb
Nemelex Xobeh
Ru
Uskayaw
Zin

Annotations:
D:3 Sigmund


Innate Abilities, Weirdness & Mutations

You are resistant to torment.
Your stone body is resilient. (AC +4)
You are immune to poison.
You resist negative energy. (rN+)
You are resistant to electric shocks. (rElec)
You can survive without breathing.
You are immune to petrification.
You are immune to rotting.


Message History

You block the large abomination's attack.
The large abomination hits you but does no damage.
Unknown command.
You block the large abomination's attack.
Okay, then.
The large abomination completely misses you.
The large abomination closely misses you.
Found 30 stones.
The large abomination misses you.
Found a runed war axe.
A flying skull comes into view.
The flying skull gives a hideous shriek!
You block the large abomination's attack.
The large abomination hits you! The flying skull closely misses you.
A tentacled starspawn comes into view.
Tentacles burst from the starspawn's body!
The large abomination hits you!!
Ouch! That really hurt!
You die...

.# ## #.# .#
#... .X#....
w#w.. ... . ##.#
#. #@#### .. #
#.. ##X..##.#.#
.#..#.z....)....
#.....#.##.#...#
..#..#....#.# .#
#...###.#.# #
#..#.....## ..
##.####.. #...
#.####.#.#.(..##


You could see a tentacled starspawn, a large abomination, 2 starspawn tentacles
and a flying skull.

Vanquished Creatures
  An orc priest (D:3)
  An orc wizard (D:3)
  Robin (D:2)
  5 adders
  2 oozes (D:1)
  3 worms
  A dart slug (D:2)
  7 orcs (D:3)
  3 giant cockroaches
  13 goblins (D:1)
  9 hobgoblins
  4 bats
  2 frilled lizards (D:1)
  5 kobolds
  4 rats (D:1)
61 creatures vanquished.

Notes
Turn   | Place    | Note
-------+----------+-------------------------------------------
     0 | D:1      | DifficultPete the Gargoyle Fighter began the quest for the
                  | Orb.
     0 | D:1      | Reached XP level 1. HP: 14/14 MP: 1/1
    70 | D:1      | Reached XP level 2. HP: 9/19 MP: 2/2
   203 | D:1      | Reached XP level 3. HP: 22/23 MP: 3/3
   458 | D:2      | Noticed Robin
   492 | D:1      | HP: 1/24 [goblin/+0 dagger[Robin] (3)]
   552 | D:1      | Reached XP level 4. HP: 7/29 MP: 4/4
   801 | D:2      | Killed Robin
  1021 | D:2      | Found a glowing silver altar of Zin.
  1022 | D:2      | Found a burning altar of Makhleb.
  1022 | D:2      | Found a sparkling altar of Nemelex Xobeh.
  1024 | D:2      | Found a hide-covered altar of Uskayaw.
  1024 | D:2      | Found a sacrificial altar of Ru.
  1286 | D:2      | Reached XP level 5. HP: 33/33 MP: 5/5
  1604 | D:3      | Noticed Sigmund
  1615 | D:3      | Cast into level 2 of the Abyss (Sigmund)
  1667 | Abyss:2  | Noticed an ice devil
  1668 | Abyss:2  | Noticed a large abomination
  1700 | Abyss:2  | Noticed a flying skull
  1705 | Abyss:2  | Noticed a tentacled starspawn
  1705 | Abyss:2  | Demolished by a large abomination

Levels and vault maps discovered:
D:1:      evilmike_arrival_crescent, layout_rooms
D:2:      layout_loops_ring, grunt_temple_overflow_open, first_ration,
          uniq_robin
D:3:      layout_loops_ring, vehumet_crystals, evilmike_ruin_ashenzari,
          uniq_sigmund
Abyss:2:  base: D:2, bh_silent_lugonu_exit, evilmike_abyss_exit_16

Skill      XL: |  1  2  3  4 |
---------------+-------------+-----
Armour         | 4 |  4.4
Fighting       | 4 |  4.4
Maces & Flails | 3 |  3.3
Shields        | 4 |  4.3

Action                   |  1- 3 |  4- 6 || total
-------------------------+-------+-------++-------
Melee: Flail             |   112 |   112 ||   224
  Use: Potion            |     2 |       ||     2
  Eat: Ration            |       |     1 ||     1
Armor: Scale mail        |    83 |    48 ||   131
Dodge: Dodged            |    46 |    28 ||    74
Block: Shield            |    81 |    72 ||   153
